 Dungeon Crawl Stone Soup version 0.19-a0-1682-g5114f93 (webtiles) character file.

1186 Amnesiac the Jinx (level 8, 0/52 HPs)
             Began as a Mummy Enchanter on Sept 25, 2016.
             Slain by an orc warrior (7 damage)
             ... on level 6 of the Dungeon.
             The game lasted 00:16:04 (7972 turns).

Amnesiac the Jinx (Mummy Enchanter)                 Turns: 7972, Time: 00:16:05

Health: 0/52       AC:  7    Str: 11    XL:     8   Next: 19%
Magic:  2/11       EV: 13    Int: 16    God:
Gold:   218        SH:  2    Dex: 13    Spells: 4 memorised, 1 level left

rFire  + . .     SeeInvis .     f - +0 halberd
rCold  + . .     Gourm    .     i - +2 robe {rF+}
rNeg   + + +     Faith    .     (shield currently unavailable)
rPois  ∞         Spirit   .     (no helmet)
rElec  .         Dismiss  .     (no cloak)
rCorr  .         Reflect  +     (no gloves)
MR     +....     Harm     .     o - +1 pair of boots
Stlth  ++........               l - +2 amulet of reflection
                                d - ring of protection from fire
                                t - +1 ring of evasion

@: no status effects
A: no food or potions, fire vulnerability, cold resistance 1, negative energy
resistance 3, torment resistance, unbreathing
a: no special abilities


You were on level 6 of the Dungeon.
You were not hungry.

You visited 2 branches of the dungeon, and saw 7 of its levels.

You collected 218 gold pieces.

Inventory:

Hand Weapons
 a - a +1 dagger
 f - a +0 halberd (weapon)
 j - a +1 spear
Armour
 b - a +1 robe
 e - a cursed +0 ring mail
 i - a +2 robe of fire resistance (worn)
 n - the +0 leather armour "Feptom" {rC- rCorr Str+4 Stlth+}
   (You found it on level 4 of the Dungeon)

   It affects your strength (+4).
   It makes you vulnerable to cold.
   It protects you from acid and corrosion.
   It makes you more stealthy.
 o - a +1 pair of boots (worn)
Jewellery
 d - a ring of protection from fire (right hand)
 l - a +2 amulet of reflection (around neck)
 m - an uncursed amulet of guardian spirit
 t - a +1 ring of evasion (left hand)
Scrolls
 g - a scroll of identify
 h - a scroll of remove curse
 p - a scroll of noise
 s - a scroll of immolation
Books
 c - a book of Maledictions

   Spells                             Type                      Level
   a - Corona                         Hexes                        1
   b - Ensorcelled Hibernation        Hexes/Ice                    2
   c - Confuse                        Hexes                        3
   d - Tukima's Dance                 Hexes                        3
   e - Dazzling Spray                 Conjuration/Hexes            3


   Skills:
 - Level 0.7 Short Blades
 - Level 1.5 Dodging
 - Level 2.4 Stealth
 - Level 2.0 Spellcasting
 + Level 9.4 Hexes


You had one spell level left.
You knew the following spells:

 Your Spells              Type           Power        Failure   Level  Hunger
a - Dazzling Spray        Conj/Hex       ###...       12%         3    N/A
e - Confuse               Hex            ####....     1%          3    N/A
f - Corona                Hex            ####...      1%          1    N/A
w - Tukima's Dance        Hex            ####....     1%          3    N/A

Dungeon Overview and Level Annotations

Branches:
Dungeon (6/15)             Temple (1/1) D:6

Altars:
Ashenzari
Cheibriados
Dithmenos
Elyvilon
Fedhas
Hepliaklqana
Kikubaaqudgha
Makhleb
Nemelex Xobeh
Okawaru
Ru
Sif Muna
Trog
Uskayaw
Vehumet
Yredelemnul
Zin
The Shining One

Annotations:
D:3 Sigmund
D:6 Edmund


Innate Abilities, Weirdness & Mutations

You do not eat or drink.
Your flesh is vulnerable to fire.
You are immune to poison.
Your flesh is cold resistant. (rC+)
You are immune to negative energy. (rN+++)
You are immune to unholy pain and torment.
You can survive without breathing.


Message History

* * * LOW HITPOINT WARNING * * *
Unknown command.
There is a stone staircase leading up, spattered with blood here.
Things that are here:
a mace; a tomahawk You see here a tomahawk.
Okay, then.
Casting: Confuse
Confirm with . or Enter, or press ? or * to list all spells.
Okay, then.
Okay, then.
You can't drink.
Unknown command.
You barely miss the orc warrior.
The orc warrior is almost dead.
The orc warrior closely misses you.
You barely miss the orc warrior.
The orc warrior is almost dead.
The orc warrior hits you!
You die...

### #@#
#########o#
#..oo.[...#
###.#######.#
#...#######.#
######.#...<(....#
.(..##.#(#########
....##.#....#
....##.####o#


You could see an orc warrior.

Vanquished Creatures
  Menkaure (D:6)
  A sky beast (D:5)
  A black bear (D:5)
  A centaur (D:5)
  A bullfrog (D:5)
  A water moccasin zombie (D:5)
  A howler monkey (D:5)
  4 crimson imps (D:5)
  A centaur zombie (D:5)
  4 hounds (D:5)
  2 orc wizards (D:5)
  An iguana (D:5)
  A worker ant (D:5)
  2 hound zombies
  3 gnolls
  5 adders
  A shadow imp (D:5)
  An adder skeleton (D:6)
  A worm (D:2)
  A dart slug (D:1)
  A leopard gecko (D:5)
  6 orcs
  A ball python (D:2)
  4 goblins
  2 hobgoblins
  6 jackals (D:4)
  4 quokkas
  4 bats
  A jackal skeleton (D:4)
  2 kobolds (D:1)
  A quokka zombie (D:5)
  2 rats
68 creatures vanquished.

Vanquished Creatures (collateral kills)
  2 ogres (D:6)
2 creatures vanquished.

Vanquished Creatures (others)
  2 dancing weapons (D:6)
2 creatures vanquished.

Grand Total: 72 creatures vanquished

Notes
Turn   | Place    | Note
-------+----------+-------------------------------------------
     0 | D:1      | Amnesiac the Mummy Enchanter began the quest for the Orb.
     0 | D:1      | Reached XP level 1. HP: 13/13 MP: 3/3
   317 | D:1      | Reached skill level 3 in Hexes
   425 | D:2      | Reached XP level 2. HP: 8/19 MP: 3/5
  1196 | D:3      | Noticed Sigmund
  1196 | D:3      | Noticed an ogre
  1382 | D:3      | Reached XP level 3. HP: 21/24 MP: 4/6
  1387 | D:3      | Learned a level 3 spell: Confuse
  1587 | D:4      | Noticed a scorpion
  2121 | D:4      | Found a basalt altar of Yredelemnul.
  2128 | D:4      | Got a shimmering leather armour
  2168 | D:4      | Found a radiant altar of Vehumet.
  2197 | D:4      | Reached skill level 4 in Hexes
  2608 | D:5      | Entered Level 5 of the Dungeon
  2831 | D:5      | Reached XP level 4. HP: 29/30 MP: 1/7
  2953 | D:5      | Identified the cursed +0 leather armour "Feptom" {rC- rCorr Str+4 Stlth+} (You found it on level 4 of the Dungeon)
  3427 | D:5      | Found a shadowy altar of Dithmenos.
  3460 | D:5      | Reached skill level 5 in Hexes
  3648 | D:6      | Noticed a bullfrog
  3801 | D:6      | Found a staircase to the Ecumenical Temple.
  3807 | Temple   | Entered the Ecumenical Temple
  3864 | Temple   | Reached XP level 5. HP: 23/35 MP: 1/8
  4467 | D:5      | Reached skill level 6 in Hexes
  4611 | D:5      | Reached XP level 6. HP: 27/41 MP: 6/9
  5423 | D:6      | Noticed Menkaure
  5574 | D:5      | Reached skill level 7 in Hexes
  5606 | D:5      | Noticed a sky beast
  6022 | D:5      | Found a hide-covered altar of Uskayaw.
  6226 | D:5      | Reached XP level 7. HP: 42/46 MP: 1/10
  6898 | D:5      | Reached skill level 8 in Hexes
  7044 | D:6      | Learned a level 3 spell: Dazzling Spray
  7049 | D:6      | Learned a level 3 spell: Tukima's Dance
  7212 | D:6      | Noticed Edmund
  7372 | D:6      | Killed Menkaure
  7426 | D:6      | Reached skill level 9 in Hexes
  7426 | D:6      | Reached XP level 8. HP: 35/52 MP: 1/11
  7972 | D:6      | Slain by an orc warrior

Vault maps used:
D:1:      mrwooster_arrival_statue, minmay_pentomino_u4
D:2:      roderic_roman_lattice, minmay_liquid_box
D:3:      uniq_sigmund, uniq_grinder
D:4:      lemuel_crystal_altar, fiery_altar_vehumet
D:5:      first_bread, st_stairs_13, hangedman_feature_mirror
D:6:      uniq_menkaure, uniq_edmund
Temple:   eino_temple_scatter_basement

Skill      XL: |  1  2  3  4  5  6  7 |
---------------+----------------------+-----
Hexes          | 3 4 5 6 7 9 |  9.4
Short Blades   | |  0.7
Dodging        | |  1.5
Stealth        | |  2.4
Spellcasting   | |  2.0

Action                   |  1- 3 |  4- 6 |  7- 9 || total
-------------------------+-------+-------+-------++-------
Melee: Dagger            |    33 |       |       ||    33
       Spear             |   122 |    98 |       ||   220
       Halberd           |       |   150 |   226 ||   376
 Cast: Corona            |    24 |       |     3 ||    27
       Confuse           |     9 |    48 |    34 ||    91
       Tukima's Dance    |       |       |     8 ||     8
       Dazzling Spray    |       |       |     1 ||     1
  Use: Scroll            |       |    10 |       ||    10
 Stab: Sleeping          |     6 |     8 |       ||    14
       Confused          |     2 |    15 |     2 ||    19
       Distracted        |       |     1 |       ||     1
Armor: Robe              |    53 |       |    83 ||   136
       Leather armour    |       |    59 |    41 ||   100
Dodge: Dodged            |   111 |   132 |   228 ||   471
Block: Other             |       |    17 |    23 ||    40
